 Dungeon Crawl Stone Soup version 0.29-b1-12-g9e2288ab2a (webtiles) character file.

Game seed: 1582846300576304219

10224 Zeldest the Transmogrifier (level 11, -2/93 HPs)
             Began as an Octopode Transmuter on Aug 24, 2022.
             Was an Elder of Cheibriados.
             Slain by a dire elephant simulacrum (5 damage)
             ... in an ice cave.
             The game lasted 00:33:27 (4181 turns).

Zeldest the Transmogrifier (Octopode Transmuter)    Turns: 4181, Time: 00:33:27

Health: -2/93      AC:  9    Str: 18      XL:     11   Next: 58%
Magic:  0/15       EV: 14    Int: 29      God:    Cheibriados [****..]
Gold:   363        SH:  0    Dex: 21 (22) Spells: 2/14 levels left

rFire   x . .      SeeInvis .     - Unarmed
rCold   + + +      Faith    .   (shield currently unavailable)
rNeg    . . .      Spirit   +   (helmet currently unavailable)
rPois   +          Reflect  .   e - amulet of guardian spirit
rElec   .          Harm     .   n - +4 ring of slaying
rCorr   .          Rampage  .   (no ring)
Will    .....      Rnd*Tele +   (no ring)
Stlth   ++........              (no ring)
HPRegen 0.25/turn               (no ring)
MPRegen 0.14/turn               (no ring)
                                (no ring)
                                (no ring)

@: about to teleport, ice-form (expiring), wereblooded, very slow
A: freezing attack, boosted hp, almost no armour, amphibious, 8 rings, large,
(camouflage 1), (gelatinous body 1), (nimble swimmer 1), (tentacles), (antennae
1), (tentacle spike 1), deterioration 1, (shaggy fur 1), teleportitis 1
a: End Transformation, Renounce Religion, Bend Time, Temporal Distortion, Slouch


You were in an ice cave.
You worshipped Cheibriados.
Cheibriados was greatly pleased with you.
You were a creature of crystalline ice.
You visited 2 branches of the dungeon, and saw 12 of its levels.
You also visited: Ice Cave.

You collected 475 gold pieces.
You spent 112 gold pieces at shops.

Inventory:

Hand Weapons
 d - the +8 autumn katana (melded) {vorpal, manifold assault}
   (You found it on level 3 of the Dungeon)

   It sometimes launches melee attacks against multiple visible enemies.
 u - the +8 mace of Joyful Slaughter {spect, Will+ Str+2}
   (You found it on level 8 of the Dungeon)

   When its wielder attacks, the weapon's spirit leaps out and strikes again.
   The spirit shares a part of any damage it takes with its wielder.
   Str:       It affects your strength (+2).
   Will:      It increases your willpower.
Missiles
 z - a curare-tipped dart
Jewellery
 e - an amulet of guardian spirit (around neck)
 n - a +4 ring of slaying (left front paw)
 p - an amulet of faith
Wands
 c - a wand of flame (16)
 f - a wand of mindburst (17)
 o - a wand of charming (2)
Scrolls
 h - 2 scrolls of teleportation
 i - a scroll of butterflies
 q - a scroll of poison {unknown}
 r - 2 scrolls of enchant weapon {unknown}
 y - a scroll of immolation {unknown}
 A - 2 scrolls of magic mapping
 B - a scroll of torment {unknown}
 C - a scroll of fear {unknown}
Potions
 a - a potion of might
 b - a potion of heal wounds
 g - a potion of magic
 j - a potion of ambrosia
 l - a potion of haste
 m - a potion of invisibility
 s - 2 potions of curing {unknown}
 t - 2 potions of flight
 v - a potion of lignification
 w - a potion of berserk rage {unknown}
 x - a potion of attraction {unknown}


   Skills:
 - Level 8.3 Fighting
 - Level 7.8 Long Blades
 - Level 6.3 Dodging
 + Level 6.5 Unarmed Combat
 - Level 2.0 Spellcasting
 + Level 3.1 Conjurations
 + Level 8.4 Transmutations
 - Level 3.0 Ice Magic
 - Level 6.3 Invocations


You had 2 spell levels left.
You knew the following spells:

 Your Spells              Type           Power      Damage    Failure   Level
a - Beastly Appendage     Tmut           100%       N/A       1%          1
b - Wereblood             Tmut           51%        N/A       1%          2
c - Ice Form              Ice/Tmut       36%        N/A       9%          4
d - Irradiate             Conj/Tmut      18%        3d17      22%         5

Your spell library contained the following spells:

 Spells                   Type           Power      Damage    Failure   Level
 Spider Form              Tmut/Pois      27%        N/A       4%          3
 Blade Hands              Tmut           25%        N/A       8%          5
 Confusing Touch          Hex            2%         N/A       26%         3
 Gell's Gravitas          Tloc           2%         N/A       26%         3
 Portal Projectile        Hex/Tloc       4%         N/A       26%         3
 Teleport Other           Tloc           2%         N/A       26%         3
 Tukima's Dance           Hex            2%         N/A       26%         3
 Yara's Violent Unravell  Hex/Tmut       13%        3d7       38%         5
 Dragon Form              Tmut           25%        N/A       92%         7
 Dispersal                Tloc           1%         N/A       100%        6
 Enfeeble                 Hex            1%         N/A       100%        7
 Disjunction              Tloc           1%         N/A       100%        8


Dungeon Overview and Level Annotations

Branches:
Dungeon (11/15)            Temple (1/1) D:5            Lair (0/5) D:11
  IceCv (1/1)
    Orc: D:9-12

Altars:
Ashenzari
Cheibriados
Dithmenos
Elyvilon
Fedhas
Gozag
Hepliaklqana
Kikubaaqudgha
Makhleb
Nemelex Xobeh
Okawaru
Qazlal
Ru
Sif Muna
Trog
Uskayaw
Vehumet
Wu Jian
Xom
Yredelemnul
Zin
The Shining One

Shops:
D:11 ?*

Annotations:
D:11 1 exclusion


Innate Abilities, Weirdness & Mutations

You are a creature of crystalline ice.
You have a powerful freezing melee attack.
Your maximum health is increased.
Your armour is entirely melded.
You are incapable of wielding weapons or throwing items.
You cannot wear most types of armour.
You are amphibious.
You can wear up to eight rings at the same time.
((Your skin changes colour to match your surroundings (Stealth+).))
((Your rubbery body absorbs attacks. (AC +1, EV +1)))
((You are camouflaged when in or above water. (Stealth+)))
((You have tentacles for arms and can constrict up to eight enemies at once.))
((You have a pair of small antennae on your head.))
((One of your tentacles bears a spike.))
Your body sometimes deteriorates upon taking damage.
((You are covered in fur. (AC +1)))
You are occasionally teleported next to monsters.


Message History

You feel strangely unstable.
The dire elephant simulacrum attacks as you move away!
The dire elephant simulacrum tramples you.
* * * LOW HITPOINT WARNING * * *
The dire elephant simulacrum misses you.
Okay, then.
Okay, then.
Aiming: Charm
Press: ? - help, Shift-Dir - straight line, f/p - dire elephant simulacrum
Aim: a dire elephant simulacrum (moderately damaged, chance to affect: 49%)
The dire elephant simulacrum resists with some effort.
Your surroundings suddenly seem different. 2 freezing wraiths, a white ugly thing, 9 simulacra and 6 ice devils come into view.
Found an ancient bone altar of Kikubaaqudgha.
Okay, then.
As you read the scroll of teleportation, it crumbles to dust.
You feel strangely unstable. The freezing wraith hits you.
* * * LOW HITPOINT WARNING * * *
The freezing wraith freezes you. You resist.
* * * LOW HITPOINT WARNING * * *
The freezing wraith hits you but does no damage.
You feel much better. The ice devil hits you!
* * * LOW HITPOINT WARNING * * *
Your body deteriorates!
You feel clumsy. The ice devil freezes you. You resist.
* * * LOW HITPOINT WARNING * * *
The freezing wraith hits you.
* * * LOW HITPOINT WARNING * * *
The freezing wraith freezes you. You resist.
* * * LOW HITPOINT WARNING * * *
The freezing wraith barely misses you. The ice devil hits you!
* * * LOW HITPOINT WARNING * * *
The ice devil freezes you. You resist.
* * * LOW HITPOINT WARNING * * *
The dire elephant simulacrum closely misses you.
The dire elephant simulacrum trunk-slaps you.
* * * LOW HITPOINT WARNING * * *
The dire elephant simulacrum freezes you.
You resist.
You die...

#...#
#########
#...#
##.8...8.##
...#
##.........#
..#
#....._....#
##
+....Z4..4Z##
#....ZZZZWZ.#
#...ZW4u4.##
#84Y48Z..#
######....#
... #


You could see a white ugly thing, 6 ice devils, 2 freezing wraiths, a death yak
simulacrum, an elephant simulacrum, 2 dire elephant simulacra, 3 cane toad
simulacra, a polar bear simulacrum and a harpy simulacrum (dormant).

Vanquished Creatures
  2 two-headed ogres
  Pikel (D:7)
  A cyclops (D:11)
  2 centaur zombies (D:11)
  2 rime drakes (D:11)
  A kobold demonologist (D:11)
  A troll (D:10)
  Prince Ribbit (D:7)
  A shadow (D:11)
  9 yaks (D:9)
  3 death yak simulacra (IceCv)
  Menkaure (D:7)
  3 water moccasins
  3 acid dragons
  2 orc warriors
  2 ogres (D:6)
  2 centaurs
  A lemure (D:7)
  5 kobold brigands
  A phantom (D:5)
  4 bullfrogs
  A necrophage (D:5)
  3 cane toad simulacra (IceCv)
  A gnoll sergeant (D:11)
  2 scorpions
  11 wights (D:7)
  3 killer bees (D:9)
  2 howler monkeys (D:8)
  3 orc priests
  5 jellies
  2 gnoll boudas
  4 hounds
  9 iguanas
  6 orc wizards
  A polar bear simulacrum (IceCv)
  2 troll simulacra (IceCv)
  2 wolf simulacra (IceCv)
  19 gnolls
  A naga simulacrum (IceCv)
  6 adders
  3 shadow imps
  A white imp (IceCv)
  3 ufetubi
  A worm (D:4)
  A dart slug (D:2)
  28 orcs
  5 ball pythons
  An endoplasm (D:4)
  7 giant cockroaches
  3 goblins
  6 hobgoblins
  24 kobolds
  3 quokkas
  3 frilled lizards
  5 rats
225 creatures vanquished.

Vanquished Creatures (collateral kills)
  A hydra simulacrum (IceCv)
  A hound (D:5)
  A white imp (D:5)
3 creatures vanquished.

Grand Total: 228 creatures vanquished

Notes
Turn   | Place    | Note
-------+----------+-------------------------------------------
     0 | D:1      | Zeldest the Octopode Transmuter began the quest for the
                  | Orb.
     0 | D:1      | Reached XP level 1. HP: 13/13 MP: 3/3
    83 | D:1      | Reached XP level 2. HP: 18/18 MP: 3/5
   106 | D:1      | Learned a level 2 spell: Wereblood
   198 | D:1      | Found a faded altar of an unknown god.
   369 | D:2      | Reached XP level 3. HP: 13/24 MP: 1/6
   522 | D:3      | Reached XP level 4. HP: 26/29 MP: 2/7
   545 | D:3      | Found a white marble altar of Elyvilon.
   580 | D:3      | Gained mutation: Your body sometimes deteriorates upon
                  | taking damage. [potion of mutation]
   580 | D:3      | Gained mutation: You are occasionally teleported next to
                  | monsters. [potion of mutation]
   580 | D:3      | Gained mutation: You are covered in fur. (AC +1) [potion of
                  | mutation]
   580 | D:3      | Gained mutation: You have hidden genetic potential. [potion
                  | of mutation]
   654 | D:3      | Found the +8 autumn katana {vorpal, manifold assault}
   771 | D:3      | Reached XP level 5. HP: 35/35 MP: 4/8
   792 | D:3      | Found a glowing golden altar of the Shining One.
   887 | D:4      | Found an ancient bone altar of Kikubaaqudgha.
   995 | D:4      | Reached skill level 1 in Long Blades
  1000 | D:4      | Gained mutation: You have a pair of small antennae on your
                  | head. [hidden potential]
  1118 | D:5      | Entered Level 5 of the Dungeon
  1143 | D:5      | Found a staircase to the Ecumenical Temple.
  1153 | D:5      | Reached XP level 6. HP: 33/42 MP: 4/9
  1158 | Temple   | Entered the Ecumenical Temple
  1229 | D:5      | Found a sacrificial altar of Ru.
  1287 | D:5      | Found a bloodstained altar of Trog.
  1329 | D:5      | Gained mutation: One of your tentacles bears a spike.
                  | [hidden potential]
  1329 | D:5      | Lost mutation: You have hidden genetic potential. [hidden
                  | potential expressed]
  1531 | D:5      | Reached XP level 7. HP: 42/47 MP: 8/10
  1536 | D:5      | Noticed a two-headed ogre
  1581 | D:5      | Killed a two-headed ogre
  1582 | D:5      | Reached skill level 5 in Fighting
  1582 | D:5      | Reached skill level 5 in Transmutations
  1582 | D:5      | Reached XP level 8. HP: 51/55 MP: 5/11
  1703 | D:6      | Reached skill level 5 in Dodging
  1983 | D:6      | Reached XP level 9. HP: 62/62 MP: 12/12
  1987 | D:6      | Found a stormy altar of Qazlal.
  2029 | D:6      | Reached skill level 5 in Long Blades
  2149 | D:5      | Found an iron altar of Okawaru.
  2177 | D:5      | Found an ornate altar of the Wu Jian Council.
  2222 | D:5      | Found a hazy altar of Hepliaklqana.
  2285 | D:7      | Noticed Prince Ribbit
  2296 | D:7      | Killed Prince Ribbit
  2326 | D:7      | Found a snail-covered altar of Cheibriados.
  2340 | D:7      | Noticed Menkaure
  2348 | D:7      | Killed Menkaure
  2370 | D:7      | Became a worshipper of Cheibriados the Contemplative
  2408 | D:7      | Reached skill level 1 in Invocations
  2429 | D:7      | Noticed Pikel
  2501 | D:7      | Killed Pikel
  2502 | D:7      | Reached XP level 10. HP: 61/71 MP: 10/13
  2663 | D:7      | Reached * piety under Cheibriados
  2725 | D:8      | Identified the +8 mace of Joyful Slaughter {spect, Will+
                  | Str+2}
  2725 | D:8      | Noticed a two-headed ogre
  2728 | D:8      | Killed a two-headed ogre
  2729 | D:8      | Reached skill level 1 in Ice Magic
  2747 | D:8      | Found a shadowy altar of Dithmenos.
  3069 | D:9      | Reached ** piety under Cheibriados
  3096 | D:9      | Reached skill level 5 in Unarmed Combat
  3169 | D:9      | Reached XP level 11. HP: 77/77 MP: 11/14
  3173 | D:9      | Reached skill level 5 in Invocations
  3254 | D:10     | Entered Level 10 of the Dungeon
  3261 | D:10     | Found a radiant altar of Vehumet.
  3432 | D:10     | Found a shimmering altar of Xom.
  3432 | D:10     | Found a shimmering altar of Xom.
  3433 | D:10     | Found a shimmering altar of Xom.
  3616 | D:11     | Found Hiruc's Magic Scroll Shoppe.
  3618 | D:11     | Found Fuanud's General Store.
  3625 | D:11     | Bought a scroll of blinking for 112 gold pieces
  3641 | D:11     | Reached skill level 1 in Conjurations
  3641 | D:11     | Reached *** piety under Cheibriados
  3763 | D:11     | Found a staircase to the Lair.
  3775 | D:11     | Noticed a cyclops
  3783 | D:11     | Killed a cyclops
  4021 | D:11     | Learned a level 4 spell: Ice Form
  4022 | D:11     | Found a frozen archway.
  4035 | IceCv    | Entered an ice cave
  4090 | IceCv    | Learned a level 5 spell: Irradiate
  4103 | IceCv    | Reached **** piety under Cheibriados
  4179 | IceCv    | Found an ancient bone altar of Kikubaaqudgha.
  4179 | IceCv    | Noticed a white ugly thing
  4181 | IceCv    | HP: 3/93 [dire elephant simulacrum (5)]
  4181 | IceCv    | Slain by a dire elephant simulacrum

Illustrated notes

Levels and vault maps discovered:
D:1:      eino_arrival_water_cross, layout_basic,
          hellmonk_ecumenical_altar_run_dry, chequers_arboretum
D:2:      layout_rooms, minmay_misc_feat_tower, reono_crystal_passage
D:3:      layout_basic, nicolae_tso_carved_into_rock,
          mainiacjoe_overflow_tiny_flanked, chequers_mini_garden, st_stairs_14,
          minivault_27
D:4:      layout_loops_cross, mainiacjoe_overflow_six_doors_small, st_stairs_10
D:5:      layout_basic, mainiacjoe_overflow_brackets,
          lemuel_coloured_pillars_altar, overflow_temple_1_default,
          mainiacjoe_overflow_catch_the_wave, minmay_temple_entry_large_hall,
          nzn_random_ring
D:6:      layout_gridville, kennysheep_mini_moat, uniq_blork_the_orc
D:7:      layout_rooms, nicolae_overflow_crystal_walls, serial_aquarium,
          aquarium_bridge_straight [aquarium_subvault_bridge,
          aquarium_subvault_wall, aquarium_subvault_bridge,
          aquarium_subvault_balcony], aquarium_window_1, aquarium_window_3,
          aquarium_view_2d, aquarium_balcony_double_2, aquarium_pool_2,
          uniq_menkaure, uniq_pikel, uniq_prince_ribbit1
D:8:      layout_loops_ring, nicolae_dithmenos_shadow_blocks
D:9:      layout_cave_pools
D:10:     layout_cave_pods, old_standard_altar, xom_shifter_show
D:11:     layout_gridville, lair_entry_dummy, portal_ice_cave_rime,
          serial_shops, shop, shop, lemuel_zombie_altar_yredelemnul
Temple:   jpeg_temple_island
IceCv:    ice_cave_small_necro

Skill      XL: |  1  2  3  4  5  6  7  8  9 10 11 |
---------------+----------------------------------+-----
Fighting       | 2 3 5 7 8 |  8.3
Transmutations | 3 4 5 6 7 8 |  8.4
Long Blades    | 1 2 4 6 7 |  7.8
Dodging        | 3 4 5 6 |  6.3
Invocations    | 2 4 6 |  6.3
Unarmed Combat | 5 6 |  6.5
Ice Magic      | 3 |  3.0
Conjurations   | 3 |  3.1
Spellcasting   | |  2.0

Action                   |  1- 3 |  4- 6 |  7- 9 | 10-12 || total
-------------------------+-------+-------+-------+-------++-------
Melee: Unarmed           |    55 |    13 |       |    56 ||   124
       Kick              |    17 |     7 |    23 |    45 ||    92
       Constrict         |    16 |    15 |    15 |    19 ||    65
       Tentacles         |    11 |     8 |    10 |    25 ||    54
       Punch             |     4 |     2 |     3 |     3 ||    12
       Katana            |       |    60 |   129 |   156 ||   345
 Cast: Beastly Appendage |    13 |     2 |       |       ||    15
       Wereblood         |     6 |     8 |    13 |    16 ||    43
       Ice Form          |       |       |       |     4 ||     4
Evoke: Wand              |       |       |     4 |     8 ||    12
  Use: Potion            |       |     5 |     2 |     1 ||     8
       Scroll            |       |     2 |     7 |     6 ||    15
 Stab: Sleeping          |       |     3 |       |     2 ||     5
Armor: Skin              |     6 |    32 |    66 |    27 ||   131
Dodge: Dodged            |    26 |    28 |    53 |   146 ||   253
